[Event "Titled Tuesday Blitz May 9 Early 2023"]
[White "Larina, Maria"]
[Black "Goswami, Vedant"]
[WhiteFideId "24113182"]
[BlackFideId "5003725"]
[WhiteElo "1848"]
[BlackElo "2011"]
[Result "0-1"]
[Round "06"]
[TimeControl "180+2"]
[Date "2023.05.09"]
[WhiteClock "0:00:18"]
[BlackClock "0:00:57"]

1. e4 e5 2. Nf3 Nc6 3. Nc3 Nf6 4. Bb5 Bb4 5. O-O d6 6. d4 exd4 7. Nxd4 Bd7 8. Nf5 Bxf5 9. exf5 Bxc3 10. bxc3 O-O 11. Bg5 Ne5 12. f4 Neg4 13. Qd4 c6 14. Bd3 Qb6 15. h3 Ne3 16. Rfe1 Ned5 17. Rab1 Qxd4+ 18. cxd4 b5 19. c4 bxc4 20. Bxc4 Rab8 21. Bb3 h6 22. Bxf6 gxf6 23. Bxd5 cxd5 24. Rxb8 Rxb8 25. Re7 Rb4 26. Rxa7 Rxd4 27. g3 Rd2 28. a4 Ra2 29. a5 d4 30. a6 d3 31. Kf1 Ra1+ 32. Kf2 d2 0-1


[Site "https://www.chess.com"]

[Event "Titled Tuesday Blitz May 9 Early 2023"]
[White "Martin Alvarez, Inigo"]
[Black "Srebrnic, Ana"]
[WhiteFideId "2259354"]
[BlackFideId "14603314"]
[WhiteElo "2311"]
[BlackElo "2181"]
[Result "1-0"]
[Round "06"]
[TimeControl "180+2"]
[Date "2023.05.09"]
[WhiteClock "0:00:15"]
[BlackClock "0:00:15"]

1. e4 c5 2. Nf3 e6 3. d4 cxd4 4. Nxd4 a6 5. c4 Nf6 6. f3 Nc6 7. Nb3 Bb4+ 8. Bd2 Bc5 9. Nxc5 O-O 10. Nc3 b6 11. Nb3 Bb7 12. Be2 Rc8 13. O-O d6 14. Bg5 h6 15. Bh4 Ne5 16. Kh1 Ng6 17. Bxf6 Qxf6 18. Qxd6 Nf4 19. Qxb6 Qg6 20. g3 Nxe2 21. Nxe2 Ba8 22. Nf4 Qf6 23. Rf2 Rc6 24. Qb4 Rfc8 25. Rc1 Qd8 26. Kg2 Qc7 27. c5 Rb8 28. Qc3 Rc8 29. Nh5 e5 30. g4 g6 31. Nf6+ Rxf6 32. Rd2 Qc6 33. Rcd1 Kg7 34. Qxe5 Qe6 35. Qxe6 Rxe6 36. Rd6 Re7 37. Rxa6 Bb7 38. Rad6 Rec7 39. Rd7 Rxd7 40. Rxd7 Bc6 41. Rd6 Bb5 42. Nd4 Bc4 43. c6 Kf8 44. Rd7 Bxa2 45. Ra7 Bb1 46. c7 Bd3 47. b4 Ke7 48. b5 Kd7 49. b6 Re8 50. Nb3 Bb5 51. Nc5+ Kc6 52. Na6 Kxb6 53. Nb4 Kxa7 54. Nd5 Kb7 55. Kg3 Bc6 56. Nf6 Rc8 57. h4 Kxc7 58. h5 gxh5 59. gxh5 Ra8 60. Ng4 Kd6 61. Nxh6 Rh8 62. Nxf7+ Ke7 63. Nxh8 Be8 64. Ng6+ Kf6 65. Kg4 Kg7 66. Kg5 Kh7 67. f4 Kg7 68. f5 Bf7 69. f6+ Kh7 70. Nf8+ Kg8 71. Nd7 Be6 72. Ne5 Kh7 73. f7 Kg7 74. h6+ Kf8 75. h7 Ke7 76. h8=Q Bb3 77. f8=Q+ 1-0


[Site "https://www.chess.com"]

[Event "Titled Tuesday Blitz May 9 Early 2023"]
[White "Necula, Iulian"]
[Black "Carrasco Miranda, Andres"]
[WhiteFideId "1232380"]
[BlackFideId "3405990"]
[WhiteElo "1790"]
[BlackElo "2183"]
[Result "0-1"]
[Round "06"]
[TimeControl "180+2"]
[Date "2023.05.09"]
[WhiteClock "0:00:00"]
[BlackClock "0:00:05"]

1. d4 Nf6 2. Nc3 d5 3. Bf4 g6 4. e3 Bg7 5. h4 h5 6. Nf3 Bg4 7. Be2 Bxf3 8. Bxf3 e6 9. Qe2 c5 10. Qb5+ Qd7 11. Qxc5 Na6 12. Qa3 Bf8 13. Qb3 Rc8 14. O-O Ng4 15. e4 Bd6 16. e5 Be7 17. Bg3 Rc6 18. Nxd5 exd5 19. Bxd5 Rb6 20. Bxf7+ Kf8 21. Qd5 Qxd5 22. Bxd5 Rxb2 23. Rab1 Rxb1 24. Rxb1 b6 25. Bb7 Nb4 26. d5 Bc5 27. d6 Nxc2 28. e6 Nd4 29. e7+ Ke8 30. Bc8 Ne2+ 31. Kf1 Nxg3+ 32. fxg3 Bxd6 33. Re1 Rh7 34. Re6 Bxe7 35. Rxg6 Rf7+ 36. Ke1 Nf6 37. Be6 Rf8 38. Rh6 Kd8 39. Ke2 Kc7 40. a4 Kd6 41. Bc4 Kc5 42. Bb5 Bd6 43. Rg6 Be5 44. Rg5 Kd4 45. g4 hxg4 46. h5 g3 47. h6 Rh8 48. Rg6 Ng4 49. Bd7 Nf6 50. Bf5 Nd5 51. Kf3 Nc3 52. h7 Rxh7 53. Rd6+ Bxd6 54. Bxh7 Nxa4 55. Bc2 Nc5 56. Kg4 b5 57. Kf5 a5 0-1


[Site "https://www.chess.com"]

[Event "Titled Tuesday Blitz May 9 Early 2023"]
[White "Stead, Kerry"]
[Black "Kiseljova, Marya"]
[WhiteFideId "3202577"]
[BlackFideId "4155009"]
[WhiteElo "1997"]
[BlackElo "1831"]
[Result "1-0"]
[Round "06"]
[TimeControl "180+2"]
[Date "2023.05.09"]
[WhiteClock "0:01:30"]
[BlackClock "0:01:01"]

1. d4 Nf6 2. f3 d5 3. e4 dxe4 4. Nc3 exf3 5. Nxf3 e6 6. Bg5 Be7 7. Bd3 O-O 8. O-O b6 9. Qe1 h6 10. Qh4 hxg5 11. Nxg5 Nbd7 12. Bh7+ Kh8 13. Nce4 g6 14. Nxf6 Nxf6 15. Rxf6 Kg7 16. Bxg6 Rh8 17. Rxf7+ Kxg6 18. Qe4+ Kxg5 19. Rg7+ Kh6 20. Qg6# 1-0


[Site "https://www.chess.com"]

[Event "Titled Tuesday Blitz May 9 Early 2023"]
[White "Smietanska, Wiktoria"]
[Black "Flis, Pawel"]
[WhiteFideId "21869359"]
[BlackFideId "1112864"]
[WhiteElo "1995"]
[BlackElo "1822"]
[Result "0-1"]
[Round "06"]
[TimeControl "180+2"]
[Date "2023.05.09"]
[WhiteClock "0:00:00"]
[BlackClock "0:00:20"]

1. c4 Nf6 2. Nc3 g6 3. g3 Bg7 4. Bg2 O-O 5. e4 d6 6. Nge2 c5 7. O-O Nc6 8. d3 a6 9. h3 Rb8 10. a4 Bd7 11. Be3 Ne8 12. d4 cxd4 13. Nxd4 Nc7 14. f4 Ne6 15. Nc2 Nc5 16. f5 Nb3 17. Ra3 Bxc3 18. bxc3 Nc5 19. Bh6 Re8 20. fxg6 hxg6 21. h4 Ne5 22. Ne3 Qa5 23. h5 Be6 24. hxg6 fxg6 25. Qe2 b5 26. cxb5 axb5 27. Qf2 bxa4 28. Qf4 Ncd3 29. Qg5 Rb3 30. Rxb3 axb3 31. Nf5 Qa7+ 32. Kh1 b2 0-1


[Site "https://www.chess.com"]

[Event "Titled Tuesday Blitz May 9 Early 2023"]
[White "Hartikainen, Jarmo"]
[Black "Acikel, Mert"]
[WhiteFideId "503134"]
[BlackFideId "12956465"]
[WhiteElo "2094"]
[BlackElo "2097"]
[Result "0-1"]
[Round "06"]
[TimeControl "180+2"]
[Date "2023.05.09"]
[WhiteClock "0:00:18"]
[BlackClock "0:00:09"]

1. e4 e5 2. Nf3 Nc6 3. Bc4 Bc5 4. c3 Nf6 5. d4 exd4 6. b4 Bb6 7. e5 d5 8. exf6 dxc4 9. Qe2+ Be6 10. b5 Nb8 11. fxg7 Rg8 12. cxd4 Rxg7 13. O-O c6 14. Bb2 Rg8 15. Na3 Qd5 16. bxc6 Nxc6 17. Rac1 O-O-O 18. Rfd1 Bg4 19. Kf1 Rde8 20. Qxc4 Bxf3 21. Qxd5 Bxd5 22. f3 Kb8 23. Nb5 Rd8 24. Ba3 a6 25. Nd6 Bxa2 26. Nxf7 Bxf7 27. d5 Bxd5 28. Re1 Bb3 29. Re2 Rge8 30. Ke1 Rxe2+ 31. Kxe2 Re8+ 32. Kd3 Nd4 33. Bb2 Bc2+ 34. Kc4 Re2 35. Kd5 Rxg2 36. Bxd4 Bxd4 37. Kxd4 Rxh2 38. f4 Bg6 39. Ke5 Rf2 40. Rc4 Ka7 41. Rd4 a5 42. Rd5 b6 43. Ke6 Ka6 44. f5 Bxf5+ 45. Rxf5 Rxf5 46. Kxf5 a4 47. Ke4 a3 48. Kd4 h5 49. Kc3 h4 50. Kb3 h3 51. Kxa3 h2 52. Kb3 h1=Q 53. Kc4 Qc6+ 54. Kd4 Qc5+ 55. Kd3 Kb5 56. Ke4 Kc4 57. Kf4 Kd3 58. Kg4 Qf8 59. Kg5 b5 60. Kg6 b4 61. Kg5 b3 62. Kg4 b2 63. Kg5 b1=R 64. Kg4 Rb7 65. Kg5 Rg7+ 66. Kh6 Qh8# 0-1


[Site "https://www.chess.com"]

[Event "Titled Tuesday Blitz May 9 Early 2023"]
[White "Carlsen, Magnus"]
[Black "Kramnik, Vladimir"]
[WhiteFideId "1503014"]
[BlackFideId "4101588"]
[WhiteElo "2852"]
[BlackElo "2703"]
[Result "1-0"]
[Round "07"]
[TimeControl "180+2"]
[Date "2023.05.09"]
[WhiteClock "0:00:05"]
[BlackClock "0:00:00"]

1. e3 Nf6 2. b3 g6 3. Bb2 Bg7 4. Nf3 O-O 5. d4 c5 6. dxc5 Qa5+ 7. c3 Qc7 8. Be2 a5 9. b4 Nc6 10. a3 b6 11. cxb6 Qxb6 12. O-O Ba6 13. Bxa6 Qxa6 14. Nbd2 Nd5 15. Qc2 Nb6 16. c4 Bxb2 17. b5 Bxa1 18. bxa6 Bg7 19. c5 Nd5 20. Qd3 e6 21. Rb1 Nb8 22. Rb5 Nc3 23. Rb6 Na4 24. Rb5 Nxa6 25. Nb3 Nc7 26. Rb7 Nd5 27. g3 Rfc8 28. e4 Nf6 29. e5 Nd5 30. Rxd7 Nxc5 31. Nxc5 Rxc5 32. Ng5 Rf8 33. Qf3 Rc3 34. Qe4 Rxa3 35. Kg2 Rb3 36. Ra7 Rb5 37. Qf3 h6 38. Nxf7 Nb4 39. Qg4 Rxf7 40. Qxe6 1-0


[Site "https://www.chess.com"]

[Event "Titled Tuesday Blitz May 9 Early 2023"]
[White "Bortnyk, Olexandr"]
[Black "Rodshtein, Maxim"]
[WhiteFideId "14120828"]
[BlackFideId "2806851"]
[WhiteElo "2734"]
[BlackElo "2555"]
[Result "1-0"]
[Round "07"]
[TimeControl "180+2"]
[Date "2023.05.09"]
[WhiteClock "0:00:56"]
[BlackClock "0:00:10"]

1. d4 Nf6 2. Nc3 d5 3. Bf4 e6 4. Nb5 Bb4+ 5. c3 Ba5 6. a4 a6 7. b4 Bb6 8. a5 axb5 9. axb6 Rxa1 10. Qxa1 Na6 11. bxc7 Nxc7 12. Qa5 Na6 13. Qxb5+ Qd7 14. e3 O-O 15. Qxd7 Bxd7 16. b5 Nb8 17. f3 Rc8 18. Kd2 Be8 19. Bd3 Nbd7 20. Ne2 Nb6 21. Ra1 Nc4+ 22. Bxc4 dxc4 23. Ra7 Bxb5 24. Rxb7 Bc6 25. Rb8 Rxb8 26. Bxb8 Nd7 27. Bd6 f5 28. h4 Kf7 29. Ng3 g6 30. e4 Nf6 31. Ke3 fxe4 32. fxe4 h6 33. Bf4 Ng4+ 34. Kf3 Nh2+ 35. Ke2 Ng4 36. Bc1 Nf6 37. Kf3 Kg7 38. Bf4 Nd7 39. Nf1 Kh7 40. Nd2 Nf6 41. Be5 1-0


[Site "https://www.chess.com"]

[Event "Titled Tuesday Blitz May 9 Early 2023"]
[White "Nakamura, Hikaru"]
[Black "Sargsyan, Shant"]
[WhiteFideId "2016192"]
[BlackFideId "13306766"]
[WhiteElo "2885"]
[BlackElo "2628"]
[Result "1-0"]
[Round "07"]
[TimeControl "180+2"]
[Date "2023.05.09"]
[WhiteClock "0:00:12"]
[BlackClock "0:00:00"]

1. e4 e5 2. Bc4 Nf6 3. d3 Nc6 4. Nc3 Bb4 5. Ne2 O-O 6. O-O Na5 7. Bg5 Nxc4 8. dxc4 Bxc3 9. Nxc3 h6 10. Be3 d6 11. f3 b6 12. Qd2 Be6 13. b3 Nd7 14. g4 g5 15. h4 f6 16. Kf2 Kg7 17. Rh1 Rh8 18. Rh2 Qf8 19. Rah1 Qf7 20. Nb5 Nc5 21. Kg3 a6 22. Nc3 Qg6 23. Kf2 Rad8 24. Ke1 c6 25. b4 Nb7 26. Bxb6 Rd7 27. hxg5 fxg5 28. Be3 Rdd8 29. Ne2 Bxc4 30. Ng3 Be6 31. Qc3 Rc8 32. Qd3 Qf7 33. Nf5+ Bxf5 34. exf5 Qxa2 35. f6+ Kf7 36. Rxh6 Qa1+ 37. Kd2 Qxh1 38. Rxh1 Rxh1 39. Qxa6 Rc7 40. Qb6 Rd7 41. Qxc6 Ke6 42. Bxg5 Rh2+ 43. Kc1 Rhh7 44. Be3 Rc7 45. Qe4 Rhf7 46. g5 d5 47. Qg4+ Kd6 48. g6 Rxf6 49. g7 1-0


[Site "https://www.chess.com"]

[Event "Titled Tuesday Blitz May 9 Early 2023"]
[White "Kollars, Dmitrij"]
[Black "demon64fields"]
[WhiteFideId "12909572"]
[WhiteElo "2584"]
[BlackElo "2900"]
[Result "1/2-1/2"]
[Round "07"]
[TimeControl "180+2"]
[Date "2023.05.09"]
[WhiteClock "0:00:06"]
[BlackClock "0:00:03"]

1. e4 e6 2. d4 d5 3. Nd2 c5 4. Ngf3 Nc6 5. exd5 exd5 6. Bb5 Bd6 7. dxc5 Bxc5 8. O-O Ne7 9. Nb3 Bb6 10. Re1 O-O 11. Be3 Bf5 12. c3 Be4 13. Nfd4 Rc8 14. Bf1 Qd6 15. Nb5 Qd8 16. Qd2 Nf5 17. Bxb6 Qxb6 18. Rad1 a6 19. N5d4 Nfxd4 20. cxd4 Rfd8 21. Nc5 Bg6 22. b3 h6 23. Re3 Rc7 24. h4 Qb4 25. Qb2 Nxd4 26. Nxa6 bxa6 27. Qxd4 Qxd4 28. Rxd4 Rc1 29. f3 a5 30. Kf2 h5 31. Re2 Ra1 32. Red2 Kf8 33. a4 Ke7 34. Rxd5 Rxd5 35. Rxd5 Rb1 36. Bc4 Bc2 37. Rxh5 f5 38. Rh8 Bxb3 39. Bxb3 Rxb3 40. Ra8 Rb4 41. Ra7+ Kf6 42. Ra6+ Ke7 43. Rxa5 Rxh4 44. Ra8 Kf6 45. Kg3 Rb4 46. f4 Kg6 47. Ra5 Kf6 48. Ra6+ Kf7 49. a5 Ra4 50. Ra8 Kg6 51. a6 Kh5 52. Kh3 Ra3+ 53. g3 Kg6 54. Kg2 Kh5 55. Kh3 Kg6 56. Kh2 Kh5 57. Kh3 1/2-1/2


[Site "https://www.chess.com"]

[Event "Titled Tuesday Blitz May 9 Early 2023"]
[White "Mitrabha, Guha"]
[Black "Bluebaum, Matthias"]
[WhiteFideId "5057000"]
[BlackFideId "24651516"]
[WhiteElo "2507"]
[BlackElo "2639"]
[Result "0-1"]
[Round "07"]
[TimeControl "180+2"]
[Date "2023.05.09"]
[WhiteClock "0:02:06"]
[BlackClock "0:01:37"]

1. Nf3 d5 2. d4 e6 3. c4 Nf6 4. Nc3 Bb4 5. Bg5 h6 6. Bxf6 Qxf6 7. Qa4+ Nc6 8. e3 O-O 9. Rc1 Qg6 10. Qc2 Qxc2 11. Rxc2 Rd8 12. cxd5 exd5 13. Bd3 Ne7 14. a3 Bd6 15. Nb5 c6 16. Nxd6 Rxd6 17. b4 Bf5 18. Kd2 Bxd3 19. Kxd3 a6 20. a4 Nf5 21. Rb1 Re6 22. b5 axb5 23. axb5 Ra3+ 24. Ke2 f6 25. bxc6 bxc6 26. g4 Nxe3 27. fxe3 Rexe3+ 28. Kf2 Rxf3+ 29. Kg2 Rf4 30. h3 Rxd4 31. Rb6 c5 0-1


[Site "https://www.chess.com"]

[Event "Titled Tuesday Blitz May 9 Early 2023"]
[White "Adhiban, B."]
[Black "Zhigalko, Sergei"]
[WhiteFideId "5018471"]
[BlackFideId "13502956"]
[WhiteElo "2587"]
[BlackElo "2626"]
[Result "1/2-1/2"]
[Round "07"]
[TimeControl "180+2"]
[Date "2023.05.09"]
[WhiteClock "0:00:23"]
[BlackClock "0:00:07"]

1. e4 c5 2. Nf3 Nc6 3. Nc3 Nf6 4. Bb5 Qc7 5. O-O Nd4 6. Re1 a6 7. Bf1 e5 8. Bc4 d6 9. Ng5 Be6 10. Nxe6 fxe6 11. a4 Be7 12. d3 O-O 13. Ne2 d5 14. Ba2 Rad8 15. Ng3 Kh8 16. c3 Nc6 17. Qe2 b5 18. axb5 axb5 19. Bb3 c4 20. Bc2 Bc5 21. Rf1 Qb6 22. h3 Rd7 23. Kh2 Rdf7 24. f4 exf4 25. Bxf4 Nxe4 26. dxe4 Rxf4 27. exd5 Rxf1 28. Rxf1 Rxf1 29. Nxf1 Qc7+ 30. Kh1 Qe5 31. Qxe5 Nxe5 32. dxe6 Kg8 33. Nd2 Kf8 34. Bxh7 Ke7 35. g4 Be3 36. Nb1 Kxe6 37. Na3 Bc1 38. Nxb5 Bxb2 39. Kg2 Kd5 40. Bg8+ Kc5 41. Nc7 Bxc3 42. Ne6+ Kb4 43. Nxg7 Nxg4 44. hxg4 Bxg7 45. Bxc4 Kxc4 46. g5 Kd5 47. g6 Ke5 48. Kf3 Kf6 49. Kg4 Kxg6 1/2-1/2


[Site "https://www.chess.com"]

[Event "Titled Tuesday Blitz May 9 Early 2023"]
[White "Galchenko, Matvey"]
[Black "Terry, Renato"]
[WhiteFideId "24175480"]
[BlackFideId "3803457"]
[WhiteElo "2423"]
[BlackElo "2575"]
[Result "0-1"]
[Round "07"]
[TimeControl "180+2"]
[Date "2023.05.09"]
[WhiteClock "0:00:03"]
[BlackClock "0:00:16"]

1. e4 c6 2. d4 d5 3. exd5 cxd5 4. Bd3 Nc6 5. c3 g6 6. Bf4 Bg7 7. h3 Bf5 8. Be2 Nf6 9. Nf3 O-O 10. O-O h6 11. Re1 g5 12. Bh2 Ne4 13. Nbd2 e6 14. Nxe4 Bxe4 15. Nd2 Bh7 16. Nb3 b6 17. Bb5 Qc8 18. Qf3 Rd8 19. h4 gxh4 20. Qh5 Ne7 21. Qxh4 Nf5 22. Qh3 Nd6 23. Bf1 Ne4 24. f3 Bf5 25. Qh4 Ng5 26. Be5 f6 27. Bh2 Qd7 28. Nd2 Re8 29. Re3 e5 30. Rae1 Nf7 31. dxe5 fxe5 32. a4 a6 33. Qb4 Qc6 34. Nb3 h5 35. Qh4 Qg6 36. Kh1 Bh6 37. R3e2 Bg5 38. Qf2 Bd3 39. Rxe5 Nxe5 40. Bxe5 Bxf1 41. Qxf1 Bf6 42. Bh2 Rxe1 43. Qxe1 Re8 44. Qd1 Qf5 45. Bg1 b5 46. Nd4 Qf4 47. axb5 Qh4+ 48. Bh2 Re1+ 0-1


[Site "https://www.chess.com"]

[Event "Titled Tuesday Blitz May 9 Early 2023"]
[White "Matlakov, Maxim"]
[Black "Livaic, Leon"]
[WhiteFideId "4168003"]
[BlackFideId "14531534"]
[WhiteElo "2666"]
[BlackElo "2522"]
[Result "1-0"]
[Round "07"]
[TimeControl "180+2"]
[Date "2023.05.09"]
[WhiteClock "0:02:13"]
[BlackClock "0:00:30"]

1. Nf3 Nf6 2. g3 g6 3. Bg2 Bg7 4. O-O O-O 5. d4 d6 6. Re1 d5 7. Nc3 c6 8. e4 Nxe4 9. Nxe4 dxe4 10. Rxe4 Bf5 11. Re1 Bg4 12. c3 e5 13. Qb3 Bxf3 14. Bxf3 Qc7 15. dxe5 Nd7 16. e6 Nc5 17. exf7+ Rxf7 18. Qc4 Nd7 19. Bd5 Rf8 20. Bxf7+ Rxf7 21. Re7 1-0


[Site "https://www.chess.com"]

[Event "Titled Tuesday Blitz May 9 Early 2023"]
[White "Ivic, Velimir"]
[Black "Maghsoodloo, Parham"]
[WhiteFideId "950122"]
[BlackFideId "12539929"]
[WhiteElo "2563"]
[BlackElo "2655"]
[Result "1-0"]
[Round "07"]
[TimeControl "180+2"]
[Date "2023.05.09"]
[WhiteClock "0:00:04"]
[BlackClock "0:00:00"]

1. e4 c5 2. Nf3 d6 3. d4 cxd4 4. Nxd4 Nf6 5. Nc3 a6 6. Be3 e5 7. Nb3 Be6 8. f3 Nbd7 9. g4 b5 10. a4 b4 11. Nd5 Bxd5 12. exd5 Nb6 13. Bg1 Be7 14. f4 Nfxd5 15. Qf3 O-O 16. a5 e4 17. Qxe4 Nf6 18. Qf3 Nbd7 19. g5 Ne8 20. O-O-O Nc7 21. h4 Ne6 22. Bc4 Qc7 23. Bd5 Rac8 24. Rh2 Nec5 25. Nd4 Qxa5 26. Kb1 Nb6 27. Nf5 Rfe8 28. Bxf7+ Kxf7 29. Qh5+ Ke6 30. Nxd6 Bxd6 31. Re2+ Kd7 32. Qf7+ Kc6 33. Rxe8 Rc7 34. Qf5 b3 35. cxb3 Qb5 36. Bxc5 Bxc5 37. Qe4+ Nd5 38. Qxd5+ Kb6 39. Rb8+ 1-0


[Site "https://www.chess.com"]

[Event "Titled Tuesday Blitz May 9 Early 2023"]
[White "Grigoriants, Sergey"]
[Black "Sarana, Alexey"]
[WhiteFideId "4130804"]
[BlackFideId "24133795"]
[WhiteElo "2502"]
[BlackElo "2714"]
[Result "0-1"]
[Round "07"]
[TimeControl "180+2"]
[Date "2023.05.09"]
[WhiteClock "0:00:03"]
[BlackClock "0:00:09"]

1. d4 d5 2. c4 e6 3. Nc3 Nf6 4. cxd5 exd5 5. Bg5 Be7 6. e3 h6 7. Bh4 O-O 8. Bd3 c6 9. Nge2 Ne8 10. Bg3 Nd6 11. O-O Bf5 12. f3 Bxd3 13. Qxd3 Nd7 14. e4 dxe4 15. fxe4 Nb6 16. b3 Qd7 17. Rad1 Rad8 18. Nf4 Ne8 19. e5 Nc7 20. Nh5 Qg4 21. Nf4 Ne6 22. h3 Nxf4 23. Rxf4 Qe6 24. Rdf1 c5 25. Ne4 Rxd4 26. Qf3 Nd5 27. Rg4 f5 28. exf6 Nxf6 29. Nxf6+ Rxf6 30. Qxb7 Rxf1+ 31. Kxf1 Rd1+ 32. Kf2 Qe1+ 33. Kf3 Qf1+ 34. Ke4 Qd3+ 35. Ke5 Qd6+ 36. Ke4 Qd4+ 37. Kf5 Rf1+ 38. Ke6 Qf6+ 39. Kd7 Rd1+ 40. Kc7 Bd6+ 41. Kc8 Qf8+ 42. Kd7 Bxg3+ 43. Kc6 Rd6+ 44. Kb5 Rb6+ 0-1


[Site "https://www.chess.com"]

[Event "Titled Tuesday Blitz May 9 Early 2023"]
[White "Shimanov, Aleksandr"]
[Black "Donchenko, Alexander"]
[WhiteFideId "4198603"]
[BlackFideId "24603295"]
[WhiteElo "2631"]
[BlackElo "2554"]
[Result "0-1"]
[Round "07"]
[TimeControl "180+2"]
[Date "2023.05.09"]
[WhiteClock "0:00:00"]
[BlackClock "0:00:03"]

1. b3 Nf6 2. Bb2 g6 3. Nf3 Bg7 4. d4 O-O 5. g3 b6 6. Bg2 Bb7 7. O-O c5 8. dxc5 bxc5 9. c4 Nc6 10. Nc3 d6 11. e3 a5 12. Qe2 Qb6 13. Rad1 Rfd8 14. Ba1 Nb4 15. a4 Ne4 16. Nb5 Bxa1 17. Rxa1 d5 18. Ne5 Qf6 19. f4 dxc4 20. Nxc4 Nc3 21. Qb2 Bxg2 22. Qxg2 Rab8 23. e4 Nxb5 24. e5 Qf5 25. axb5 Rxb5 26. g4 Qd3 27. Kh1 Qxb3 28. Nxa5 Qc3 29. Rac1 Qe3 30. Nc4 Qd3 31. f5 Qd5 32. Qxd5 Rxd5 33. f6 exf6 34. exf6 Nd3 35. Ra1 Rb8 36. Ra7 h5 37. gxh5 Rxh5 38. Nd6 Rf8 39. Ne4 c4 40. Rc7 Ne5 41. Rc5 Ng4 42. Rxh5 gxh5 43. h3 Ne5 44. Rg1+ Ng6 45. Rg5 Rc8 46. Nc3 Rc6 47. Rf5 h4 48. Kg2 Kf8 49. Kf3 Ke8 50. Ke4 Kd7 51. Kd5 Rc8 52. Rf1 Nf8 53. Ra1 Ne6 54. Ra7+ Rc7 55. Ra8 Rc5+ 56. Ke4 Ng5+ 57. Kd4 Ne6+ 58. Ke4 Rc6 59. Ra7+ Rc7 60. Ra5 Nc5+ 61. Kd5 Ne6 62. Ke4 Nc5+ 63. Kd5 Nd3 64. Kd4 Nf4 65. Re5 Nxh3 66. Re7+ Kd8 67. Re4 Ng5 68. Rg4 Ne6+ 69. Ke5 Kd7 70. Rxh4 Rc5+ 71. Ke4 Rg5 72. Rh7 Ke8 73. Rh8+ Kd7 74. Rh7 Nd8 75. Kd4 Rg4+ 76. Kd5 Rg5+ 77. Kxc4 Ke6 78. Ne4 Rg4 79. Kd3 Nc6 0-1


[Site "https://www.chess.com"]

[Event "Titled Tuesday Blitz May 9 Early 2023"]
[White "Beerdsen, Thomas"]
[Black "Lenderman, Aleksandr"]
[WhiteFideId "1030108"]
[BlackFideId "2021285"]
[WhiteElo "2549"]
[BlackElo "2607"]
[Result "1/2-1/2"]
[Round "07"]
[TimeControl "180+2"]
[Date "2023.05.09"]
[WhiteClock "0:01:27"]
[BlackClock "0:00:10"]

1. e4 e6 2. c4 d5 3. cxd5 exd5 4. Qb3 Nf6 5. exd5 Nxd5 6. Nc3 Nb6 7. Nf3 Be6 8. Qc2 Be7 9. d4 O-O 10. Bd3 h6 11. O-O Nc6 12. a3 Bg4 13. Ne5 Nxd4 14. Qd2 Bf5 15. Bxf5 Nxf5 16. Qf4 Nd6 17. Qg3 Bh4 18. Qg4 Bf6 19. Re1 Qc8 20. Qg3 Re8 21. Bf4 Nf5 22. Qd3 Rd8 23. Qf3 c6 24. Qh5 Nd5 25. Qxf7+ Kh7 26. Qg6+ Kg8 27. Nxd5 Rxd5 28. Nf7 Qf8 29. Nxh6+ Nxh6 30. Bxh6 Qf7 31. Qg4 Rd4 32. f4 Rd2 33. Re6 Bxb2 34. Rae1 Bd4+ 35. Kh1 Bf6 36. Bg5 Bxg5 37. fxg5 Rf8 38. h3 Qf4 39. Qxf4 Rxf4 40. g6 Rf8 41. Re7 Rd6 42. R1e6 Rxe6 43. Rxe6 Rc8 44. Kg1 c5 45. Kf2 c4 46. Ke1 c3 47. Kd1 c2+ 48. Kc1 Kf8 49. h4 Rc3 50. h5 Rxa3 51. Rd6 Ke7 52. Rd4 Ra1+ 53. Kxc2 Ra2+ 54. Kb3 Rxg2 55. Rf4 Rg5 56. Rf7+ Kd6 57. Rxg7 Rxh5 58. Rxb7 Rg5 59. g7 a5 60. Kc4 Ke6 61. Kd4 Kf6 62. Ra7 Rxg7 63. Rxa5 Rf7 64. Ke4 Re7+ 65. Kf4 Re6 66. Rh5 Ke7 67. Rh7+ Kd6 68. Kf5 Re5+ 69. Kf6 Re6+ 70. Kf5 Re5+ 71. Kf4 Re6 72. Ra7 Rf6+ 73. Ke4 Re6+ 74. Kd4 Re7 75. Ra6+ Kd7 76. Kd5 Ke8 77. Rh6 Kf7 78. Kd6 Re1 79. Rh7+ Kf6 80. Rh2 Rd1+ 81. Kc5 Rc1+ 1/2-1/2


[Site "https://www.chess.com"]

[Event "Titled Tuesday Blitz May 9 Early 2023"]
[White "Sokolovsky, Yahli"]
[Black "Sjugirov, Sanan"]
[WhiteFideId "2820242"]
[BlackFideId "4189302"]
[WhiteElo "2389"]
[BlackElo "2569"]
[Result "1-0"]
[Round "07"]
[TimeControl "180+2"]
[Date "2023.05.09"]
[WhiteClock "0:00:02"]
[BlackClock "0:00:00"]

1. b3 d5 2. Bb2 Bf5 3. e3 e6 4. d4 Nf6 5. Bd3 Nbd7 6. Nf3 c6 7. Ne5 Bxd3 8. Qxd3 Nxe5 9. dxe5 Nd7 10. Nd2 Be7 11. O-O O-O 12. e4 Nc5 13. Qe2 Nxe4 14. Nxe4 dxe4 15. Rfd1 Qc7 16. Qxe4 Rfd8 17. Bd4 Qa5 18. c4 Rd7 19. Rd3 Rad8 20. Rad1 Qxa2 21. h4 c5 22. R1d2 Rxd4 23. Qxb7 Rxd3 24. Rxa2 R3d7 25. Qe4 Rd4 26. Qb7 R4d7 27. Qc6 h5 28. g3 g6 29. Kg2 Bf8 30. Ra6 Be7 31. Qa4 Bf8 32. Rxa7 Rd2 33. Qc6 Bg7 34. Qxc5 Re2 35. Qe7 Rf8 36. c5 Bxe5 37. Rd7 Rc2 38. b4 Bc3 39. Rd8 Bg7 40. b5 Rxc5 41. b6 Rb5 42. b7 Bh6 43. Rxf8+ Bxf8 44. Qc7 1-0


[Site "https://www.chess.com"]

[Event "Titled Tuesday Blitz May 9 Early 2023"]
[White "Lavrik, Dmitry"]
[Black "Aravindh, Chithambaram VR."]
[WhiteFideId "24113190"]
[BlackFideId "5072786"]
[WhiteElo "2345"]
[BlackElo "2596"]
[Result "0-1"]
[Round "07"]
[TimeControl "180+2"]
[Date "2023.05.09"]
[WhiteClock "0:00:20"]
[BlackClock "0:01:23"]

1. c4 Nf6 2. Nf3 b6 3. g3 Bb7 4. Bg2 g6 5. O-O c5 6. Nc3 Bg7 7. d3 O-O 8. e4 d6 9. Bg5 Nc6 10. Qd2 a6 11. Rae1 Nd7 12. Nh4 Nde5 13. Nd5 f6 14. Be3 e6 15. Nc3 Nb4 16. f4 Ng4 17. Bh3 f5 18. Bxg4 fxg4 19. d4 cxd4 20. Bxd4 Bxd4+ 21. Qxd4 Nc2 22. Qd1 Nxe1 23. Rxe1 Rc8 24. Qxg4 Qf6 25. e5 dxe5 26. Rxe5 Rxc4 27. Qe2 Rxf4 28. gxf4 Qxh4 29. Qf2 Qxf2+ 30. Kxf2 Rxf4+ 31. Ke3 Rf3+ 32. Ke2 Kf7 33. Na4 Rh3 34. Nxb6 Rxh2+ 35. Kd3 Rxb2 36. Nc4 Rxa2 37. Re1 Bd5 0-1


[Site "https://www.chess.com"]

[Event "Titled Tuesday Blitz May 9 Early 2023"]
[White "Costachi, Mihnea"]
[Black "Orozbaev, Eldiar"]
[WhiteFideId "1217518"]
[BlackFideId "13802240"]
[WhiteElo "2456"]
[BlackElo "2201"]
[Result "0-1"]
[Round "07"]
[TimeControl "180+2"]
[Date "2023.05.09"]
[WhiteClock "0:00:00"]
[BlackClock "0:00:02"]

1. Nc3 e5 2. e4 Nf6 3. Bc4 Bb4 4. Nge2 O-O 5. O-O c6 6. d3 d5 7. Bb3 Be6 8. a3 Be7 9. Bg5 Nbd7 10. exd5 cxd5 11. d4 e4 12. Nf4 h6 13. Bxf6 Nxf6 14. f3 exf3 15. Qxf3 Qb6 16. Rad1 Rad8 17. Nfxd5 Nxd5 18. Bxd5 Bf6 19. Bxe6 Rxd4 20. Bxf7+ Rxf7 21. Kh1 Rxd1 22. Rxd1 Qxb2 23. Nd5 Qxc2 24. Re1 Bh4 25. Qe3 Bxe1 26. Qe8+ Kh7 27. Qxf7 Bc3 28. Qf1 Bd4 29. h3 a5 30. a4 Be5 31. Qe1 Bd4 32. Qf1 Qe4 33. Nf4 Be5 34. Nd3 Bd6 35. Qb1 Bg3 36. Qb5 Qc6 37. Qf5+ Qg6 38. Qd5 Qf6 39. Qe4+ Kg8 40. Qc4+ Kh8 41. Qc8+ Kh7 42. Qc1 Bd6 43. Qb1 Qg6 44. Qb5 b6 45. Qd5 Bg3 46. Qf3 h5 47. Qd5 h4 48. Kg1 Qf6 49. Qh5+ Kg8 50. Qe8+ Qf8 51. Qe6+ Kh8 52. Qxb6 Qf5 53. Qd8+ Kh7 54. Qd4 Qc8 55. Qe4+ Kh8 56. Qd5 Qe8 57. Qf3 Qxa4 58. Qf8+ Kh7 59. Qf5+ Kg8 60. Qe6+ Kf8 61. Qf5+ Ke8 62. Qe6+ Kd8 63. Qg8+ Qe8 64. Qd5+ Kc8 65. Qa8+ Kd7 66. Nc5+ Ke7 67. Qxa5 Kf8 68. Qd2 Kg8 69. Qd5+ Kh8 70. Ne6 Qb8 71. Qh5+ Kg8 72. Qe2 Qb6+ 0-1


[Site "https://www.chess.com"]